 Dungeon Crawl Stone Soup version 0.19-a0-1682-g5114f93 (webtiles) character file.

170 HungrySpirit the Sneak (level 5, -12/34 HPs)
             Began as an Octopode Assassin on Sept 24, 2016.
             Mangled by an ogre
             ... wielding a +0 giant club
              (19 damage)
             ... on level 3 of the Dungeon.
             The game lasted 00:03:13 (2164 turns).

HungrySpirit the Sneak (Octopode Assassin)          Turns: 2164, Time: 00:03:14

Health: -12/34     AC:  2    Str: 10    XL:     5   Next: 50%
Magic:  5/5        EV: 14    Int: 14    God:
Gold:   60         SH:  0    Dex: 14    Spells: 0 memorised, 4 levels left

rFire  . . .     SeeInvis .     r - +1 short sword (venom)
rCold  + . .     Gourm    .     (no shield)
rNeg   . . .     Faith    .     (helmet restricted)
rPois  .         Spirit   .     (no amulet)
rElec  .         Dismiss  .     l - ring of protection from cold
rCorr  .         Reflect  .     (no ring)
MR     .....     Harm     .     (no ring)
Stlth  +++++.....               (no ring)
                                (no ring)
                                (no ring)
                                (no ring)
                                (no ring)

@: no status effects
A: almost no armour, stealthy swim, amphibious, 8 rings, constrict 8, camouflage
1, gelatinous body 1
a: no special abilities


You were on level 3 of the Dungeon.
You were not hungry.

You visited 1 branch of the dungeon, and saw 3 of its levels.

You collected 60 gold pieces.

Inventory:

Hand Weapons
 b - a +0 blowgun
 i - a +2 short sword of speed
 r - a +1 short sword of venom (weapon)
Missiles
 c - 34 poisoned needles
 d - 2 curare-tipped needles
 q - a throwing net (quivered)
Jewellery
 l - a ring of protection from cold (left tentacle)
Scrolls
 e - 3 scrolls of teleportation {unknown}
 g - 3 scrolls of identify {unknown}
 j - a scroll of enchant weapon {unknown}
 m - 2 scrolls of recharging {unknown}
 n - a scroll of magic mapping {unknown}
 o - 5 scrolls of amnesia {unknown}
 p - a scroll of immolation {unknown}
Potions
 h - 4 potions of curing {unknown}
 k - a potion of degeneration {unknown}
Comestibles
 a - a meat ration
 f - 6 bread rations
 s - a chunk of flesh


   Skills:
 - Level 2.0 Fighting
 * Level 3.8 Short Blades
 - Level 2.0 Throwing
 * Level 3.2 Dodging
 + Level 6.3 Stealth


You had 4 spell levels left.
You didn't know any spells.

Dungeon Overview and Level Annotations

Branches:
Dungeon (3/15)

Altars:
Ru
Yredelemnul
Zin


Innate Abilities, Weirdness & Mutations

You cannot wear most types of armour.
You are very stealthy in the water.
You are amphibious.
You can wear up to eight rings at the same time.
You can use your tentacles to constrict eight enemies at once.
Your skin changes colour to match your surroundings (Stealth+).
Your rubbery body absorbs attacks. (AC +1, EV +1)


Message History

The orc shouts! x3; The hobgoblin shouts!
The ogre hits you with a giant club!!
Ouch! That really hurt!
The orc hits you with a hand axe.
You barely miss the ogre. You squeeze the ogre, but do no damage.
The ball python completely misses you. The ball python closely misses you.
The ogre closely misses you. The orc closely misses you.
You hit the ball python.
The ball python is poisoned.
You grab the ball python. You squeeze the ball python.
The ball python is severely wounded.
You constrict the ball python.
You kill the ball python!
You hit the ogre.
The ogre is lightly wounded.
The ogre hits you with a giant club!
* * * LOW HITPOINT WARNING * * *
The orc barely misses you. The ogre hits you with a giant club!!
Ouch! That really hurt!
You die...

####.#.#.#
###.########.........#
.....#.#.#
###..##########'######
######.#.# #.........#
#.# ###.#.#
#.........# #.#
#...#.# #.........#
#.# # ####.###.#
#...).....# ##.#### #
.........# #.........#
#.....# # .......###
#.........# #.....# #
.......# #....@....#
#.....# # .......#
#..))O....# #.....# #
.......# #.........##
#.....# # ....>..#
###.).o....# #.....###
.......# #.....o..#
##.####.. .......#
#........# #.# #.#
.......# #......o.#
#.# #o# ########
#........# #.# #.#
#........## #.# #o#


You could see an ogre and 3 orcs.

Vanquished Creatures
  The ghost of p0werm0de the Ducker, a weakling DECK of Xom (D:3)
  4 adders
  4 gnolls (D:2)
  A worm (D:3)
  2 dart slugs
  6 leopard geckos
  A ball python (D:3)
  2 giant cockroaches
  4 goblins
  3 hobgoblins
  7 kobolds
  6 bats
  5 frilled lizards
  5 rats
51 creatures vanquished.

Notes
Turn   | Place    | Note
-------+----------+-------------------------------------------
     0 | D:1      | HungrySpirit the Octopode Assassin began the quest for the Orb.
     0 | D:1      | Reached XP level 1. HP: 14/14 MP: 1/1
   134 | D:1      | Reached XP level 2. HP: 19/19 MP: 2/2
   525 | D:1      | Reached XP level 3. HP: 24/24 MP: 3/3
   692 | D:2      | Reached XP level 4. HP: 17/29 MP: 4/4
   698 | D:2      | Reached skill level 6 in Stealth
  1031 | D:2      | Found a sacrificial altar of Ru.
  1423 | D:3      | Found a faded altar of an unknown god.
  1435 | D:3      | Noticed p0werm0de's ghost (weakling DECK)
  1461 | D:3      | Killed p0werm0de's ghost
  1461 | D:3      | Reached XP level 5. HP: 11/34 MP: 5/5
  1713 | D:3      | Found a basalt altar of Yredelemnul.
  2044 | D:3      | Found a glowing silver altar of Zin.
  2105 | D:3      | Noticed an ogre
  2164 | D:3      | Mangled by an ogre

Vault maps used:
D:1:      saegor_arrival_simple_c
D:2:      nicolae_ru_awakened_eye, first_bread, serial_bayou_lake_a
D:3:      lemuel_crystal_altar, zin_statuary, ecumenical_altar_2

Skill      XL: |  1  2  3  4 |
---------------+-------------+-----
Dodging        | 2 3 |  3.2
Short Blades   | 3 |  3.8
Stealth        | 6 |  6.3
Fighting       | |  2.0
Throwing       | |  2.0

Action                   |  1- 3 |  4- 6 || total
-------------------------+-------+-------++-------
Melee: Dagger            |    12 |       ||    12
       Short sword       |    26 |    81 ||   107
       Constrict         |     9 |    14 ||    23
       Tentacles         |     7 |    11 ||    18
 Stab: Sleeping          |    10 |     5 ||    15
       Distracted        |     2 |       ||     2
  Eat: Chunk             |       |     4 ||     4
Armor: Skin              |       |     6 ||     6
Dodge: Dodged            |     9 |    37 ||    46
